AoeStats
← nguyen.tranchk32.dlu

African Clearing

510350139Analyzed
2v2 RM · 19h ago on Sep 30, 2026· 67m 59s· 4 players
Game mode
Random Map
Map size
Medium (4 player)
Population
200
Speed
Normal
Resources
Standard
Victory
Conquest
Starting age
Dark Age
Ending age
Imperial Age
RankedLock teamsTeams togetherTeam positionsShared explorationLock speedFull tech treeHidden civsTurbo modeCheats
Victory
Defeat
🇺🇸 Huns · United States
1088
+16
🇻🇳 Vikings · Vietnam
1049
+17
🇨🇷 Mongols · Costa Rica
1090
-17
🇨🇷 Burgundians · Costa Rica
1074
-16
nguyen.tranchk32.dlu
5:10 Loom
13:49 Feudal Age
14:02 Man-at-Arms
23:50 Castle Age
24:15 Double-Bit Axe
23:58 Pikeman
26:28 Scale Mail Armor
32:57 Scale Barding Armor
36:36 Bow Saw
36:07 Horse Collar
45:59 Heavy Plow
45:50 Gold Mining
47:02 Chain Mail Armor
48:48 Fletching
49:26 Bodkin Arrow
52:08 Imperial Age
52:02 Ballistics
54:03 Chemistry
52:25 Heavy Scorpion
53:30 Bracer
53:40 Treadmill Crane
57:27 Chain Barding Armor
57:41 Plate Mail Armor
57:11 Elite Berserk
58:07 Forging
60:48 Iron Casting
62:06 Two-Man Saw
62:33 Conscription
61:48 Capped Ram
63:13 Chieftains
63:21 Chieftains
64:23 Blast Furnace
63:11 Arson
63:30 Squires
62:55 Elite Varangian Guard
64:43 Padded Archer Armor
67:07 Chain Barding Armor
Quilted Codpiece
11:20 Loom
13:31 Feudal Age
17:55 Castle Age
16:30 Double-Bit Axe
17:52 Fletching
18:55 Wheelbarrow
23:15 Husbandry
23:13 Horse Collar
25:34 Thumb Ring
25:54 Thumb Ring
27:16 Padded Archer Armor
27:11 Bodkin Arrow
28:28 Ballistics
28:55 Bloodlines
34:35 Light Cavalry
39:15 Imperial Age
41:51 Parthian Tactics
43:07 Chemistry
42:44 Heavy Cavalry Archer
44:14 Bracer
45:32 Hussar
48:12 Conscription
49:14 Scale Barding Armor
49:20 Forging
50:00 Scale Mail Armor
50:26 Chain Barding Armor
50:24 Leather Archer Armor
52:21 Caravan
62:42 Plate Barding Armor
62:43 Iron Casting
66:13 Masonry
Horus
3:17 Loom
13:44 Feudal Age
14:09 Double-Bit Axe
17:27 Scale Barding Armor
18:32 Forging
21:06 Horse Collar
26:57 Castle Age
25:12 Fletching
26:08 Padded Archer Armor
28:03 Bodkin Arrow
27:33 Light Cavalry
28:46 Ballistics
28:52 Crossbowman
42:45 Imperial Age
40:49 Leather Archer Armor
42:18 Husbandry
42:51 Chain Barding Armor
43:42 Bracer
46:10 Chemistry
46:14 Wheelbarrow
47:15 Elite Skirmisher
52:00 Capped Ram
54:24 Hussar
54:45 Siege Ram
54:51 Siege Ram
62:11 Heavy Plow
ludaroja
4:41 Loom
5:03 Loom
14:06 Feudal Age
13:53 Double-Bit Axe
15:05 Bow Saw
22:20 Castle Age
21:43 Padded Archer Armor
21:34 Fletching
21:57 Stone Mining
21:58 Gold Mining
22:09 Horse Collar
23:25 Heavy Plow
26:35 Elite Skirmisher
30:47 Wheelbarrow
31:53 Crop Rotation
33:39 Ballistics
34:45 Pikeman
35:25 Squires
37:56 Hand Cart
43:22 Imperial Age
42:39 Leather Archer Armor
42:26 Scale Mail Armor
44:13 Two-Man Saw
44:55 Halberdier
49:27 Elite Coustillier
52:51 Scale Barding Armor
53:28 Capped Ram
53:30 Onager
54:37 Chain Barding Armor
56:18 Husbandry
55:50 Cavalier
58:13 Plate Barding Armor
57:49 Forging
57:56 Chain Mail Armor
58:35 Paladin
Connection lost

Rejoining the realm…

Still unreachable

The connection could not be restored.

Session expired

The server has moved on; the page needs a fresh start.